 Dungeon Crawl Stone Soup version 0.23.1 (webtiles) character file.

Game seed: 1742904024019262602

72 AxelLord the Shield-Bearer (level 4, -7/41 HPs)
             Began as a Minotaur Fighter on Mar 9, 2019.
             Shot with an arrow by a centaur (9 damage)
             ... on level 5 of the Dungeon.
             The game lasted 00:06:19 (571 turns).

AxelLord the Shield-Bearer (Minotaur Fighter)        Turns: 571, Time: 00:06:19

Health: -7/41      AC:  7    Str: 22    XL:     4   Next: 7%
Magic:  3/3        EV:  7    Int:  5    God:
Gold:   70         SH:  9    Dex:  9    Spells: 3/3 levels left

rFire    . . .     SeeInvis .   a - +0 long sword
rCold    . . .     Gourm    .   c - +0 shield
rNeg     . . .     Faith    .   b - +0 scale mail
rPois    .         Spirit   .   (helmet restricted)
rElec    .         Reflect  .   (no cloak)
rCorr    .         Harm     .   (no gloves)
MR       .....                  (no boots)
Stlth    ..........             (no amulet)
HPRegen  0.13/turn              (no ring)
MPRegen  0.08/turn              (no ring)

@: no status effects
A: retaliatory headbutt, horns 2
a: no special abilities


You were on level 5 of the Dungeon.
You were full.

You visited 1 branch of the dungeon, and saw 5 of its levels.

You collected 70 gold pieces.

Inventory:

Hand Weapons
 a - a +0 long sword (weapon)
 v - a +0 long sword
Armour
 b - a +0 scale mail (worn)
 c - a +0 shield (worn)
Wands
 f - a wand of digging (5)
 q - a wand of enslavement (4)
Scrolls
 g - 2 scrolls of remove curse {unknown}
 l - a scroll of identify {unknown}
 n - a scroll of blinking {unknown}
 p - a scroll of fog {unknown}
 r - a scroll of noise {unknown}
 t - 2 scrolls of amnesia {unknown}
 w - a scroll of teleportation {unknown}
Potions
 d - a potion of might
 e - 4 potions of curing {unknown}
 h - a potion of heal wounds {unknown}
 i - a potion of flight {unknown}
 j - a potion of invisibility {unknown}
 k - a potion of brilliance {unknown}
 m - a potion of haste {unknown}
 o - a potion of mutation {unknown}
 s - a potion of ambrosia {unknown}
 u - a potion of berserk rage {unknown}


   Skills:
 + Level 4.4 Fighting
 + Level 3.2 Long Blades
 + Level 4.0 Armour
 + Level 0.5 Dodging
 + Level 4.5 Shields


You had 3 spell levels left.
You didn't know any spells.
Your spell library was empty.

Dungeon Overview and Level Annotations

Branches:
Dungeon (5/15)
 Temple: D:4-7

Altars:
Elyvilon
Makhleb
The Shining One


Innate Abilities, Weirdness & Mutations

You reflexively headbutt those who attack you in melee.
You have a pair of horns on your head.


Message History

Found a ring mail and a glowing shield.
Found 20 sling bullets.
Found a leather armour.
A centaur comes into view.
The centaur shouts!
The centaur wields a +0 shortbow.
The centaur shoots an arrow.
You block the arrow.
The centaur shoots an arrow.
The arrow hits you.
You see here 2 arrows.
The centaur shoots an arrow.
The arrow hits you but does no damage.
You see here an arrow.
You see here 2 arrows.
The centaur shoots an arrow.
The arrow hits you.
The centaur shoots an arrow.
The arrow hits you!
You see here 2 arrows.
The centaur shoots an arrow.
The arrow hits you!
The centaur shoots an arrow.
The arrow hits you!
* * * LOW HITPOINT WARNING * * *
The centaur shoots an arrow.
You block the arrow.
The centaur shoots an arrow.
The arrow hits you!
You die...

##.......# .......#.
##.......###.........
##........>#..........
#...[.......[.........
##....(c.c...# ..^.....
#.......((....###.......
.......###(....##...#.#
....... #(......<...#.#
..c.... #@.#..........###
...........#............#.
.........###.##.....#.....
.......## ...###....#..#
...## .....# #.......###
#. ...### ##.<.)....# .
... #...†..... .
###......[. #..........


You could see a centaur.

Vanquished Creatures
  A gnoll (D:1)
  2 adders
  An ooze (D:3)
  A worm (D:3)
  A dart slug (D:5)
  A leopard gecko (D:2)
  3 orcs (D:4)
  A ball python (D:3)
  2 giant cockroaches
  2 goblins (D:3)
  3 hobgoblins
  4 jackals (D:3)
  6 kobolds
  3 rats
31 creatures vanquished.

Notes
Turn   | Place    | Note
-------+----------+-------------------------------------------
     0 | D:1      | AxelLord the Minotaur Fighter began the quest for the Orb.
     0 | D:1      | Reached XP level 1. HP: 19/19 MP: 0/0
    89 | D:1      | Reached XP level 2. HP: 17/27 MP: 1/1
   243 | D:3      | Found a glowing golden altar of the Shining One.
   266 | D:3      | Reached XP level 3. HP: 23/33 MP: 2/2
   392 | D:4      | Found a burning altar of Makhleb.
   456 | D:4      | Found a white marble altar of Elyvilon.
   505 | D:5      | Entered Level 5 of the Dungeon
   513 | D:5      | Reached XP level 4. HP: 41/41 MP: 3/3
   558 | D:5      | Noticed a centaur
   567 | D:5      | HP: 2/41 [centaur/arrow (13)]
   571 | D:5      | Shot with an arrow by a centaur

Skill      XL: |  1  2  3 |
---------------+----------+-----
Fighting       | 4 |  4.4
Shields        | 4 |  4.5
Long Blades    | 3 |  3.2
Armour         | 4 |  4.0
Dodging        | |  0.5

Action                   |  1- 3 |  4- 6 || total
-------------------------+-------+-------++-------
Melee: Long sword        |    83 |       ||    83
       Headbutt          |    12 |       ||    12
  Eat: Ration            |     1 |       ||     1
Armor: Scale mail        |    27 |     1 ||    28
Dodge: Dodged            |    27 |       ||    27
Block: Shield            |    47 |     2 ||    49
       Rpst.: Long sword |     7 |       ||     7
